 Dungeon Crawl Stone Soup version 0.26-a0-639-g72c4674329 (webtiles) character file.

Game seed: 5274235833744362506

44 Lanoc the Chiller (level 3, -2/19 HPs)
             Began as a Deep Elf Ice Elementalist on Sept 22, 2020.
             Slain by a phantom (6 damage)
             ... on level 3 of the Dungeon.
             The game lasted 00:03:06 (1102 turns).

Lanoc the Chiller (Deep Elf Ice Elementalist)       Turns: 1102, Time: 00:03:06

Health: -2/19      AC:  2    Str:  5    XL:     3   Next: 41%
Magic:  7/9        EV: 13    Int: 20    God:
Gold:   42         SH:  5    Dex: 15    Spells: 4/8 levels left

rFire    . . .     SeeInvis .   (no weapon)
rCold    . . .     Faith    .   i - +2 buckler
rNeg     . . .     Spirit   .   a - +0 robe
rPois    .         Reflect  .   (no helmet)
rElec    .         Harm     .   (no cloak)
rCorr    .         Rampage  .   (no gloves)
MR       .....                  (no boots)
Stlth    ++........             (no amulet)
HPRegen  0.06/turn              (no ring)
MPRegen  0.11/turn              (no ring)

@: brilliant
A: no striking features
a: no special abilities


You were on level 3 of the Dungeon.
You visited 1 branch of the dungeon, and saw 3 of its levels.

You collected 42 gold pieces.

Inventory:

Armour
 a - a +0 robe (worn)
 i - a +2 buckler (worn)
Scrolls
 b - a scroll of random uselessness {unknown}
 f - a scroll of identify {unknown}
 j - a scroll of enchant weapon {unknown}
 l - a scroll of blinking {unknown}
Potions
 d - a potion of degeneration {unknown}
 e - a potion of stabbing {unknown}
 g - 2 potions of heal wounds {unknown}
 h - a potion of berserk rage {unknown}
 k - 2 potions of might {unknown}


   Skills:
 + Level 3.2 Dodging
 - Level 2.4 Stealth
 + Level 0.2 Shields
 - Level 3.0 Spellcasting
 * Level 5.3 Ice Magic


You had 4 spell levels left.
You knew the following spells:

 Your Spells              Type           Power        Failure   Level
a - Freeze                Ice            ####         2%          1
b - Frozen Ramparts       Ice            #####.       8%          3

Your spell library contained the following spells:

 Spells                   Type           Power        Failure   Level
 Ozocubu's Armour         Ice            #####...     8%          3
 Hailstorm                Conj/Ice       ###.....     58%         4
 Summon Ice Beast         Ice/Summ       ###.....     58%         4


Dungeon Overview and Level Annotations

Branches:
Dungeon (3/15)

Altars:
Cheibriados
Trog


Message History

The phantom barely misses you.
You closely miss the phantom.
The phantom is lightly damaged.
The phantom resists.
The wall freezes the phantom.
The phantom hits you!
* * * LOW HITPOINT WARNING * * *
The phantom resists.
The wall freezes the phantom.
The phantom completely resists.
The wall freezes the phantom but do no damage.
The phantom hits you.
* * * LOW HITPOINT WARNING * * *
The phantom completely resists.
The wall freezes the phantom but do no damage.
You see here 13 stones.
The phantom completely resists.
The wall freezes the phantom but do no damage.
The frozen ramparts melt away.
It was a potion of brilliance.
You feel clever all of a sudden. The phantom hits you.
You die...

########### ##########
#<........# .........#
#####≈§###.#
########.###########⌠#⌠##≈#
#.# #.(.....W@##≈§≈≈≈#≈#
#.#
############§.§.≈#≈###.#
#⌠§..§≈#≈....#
######≈§_..'..####
#...#⌠≈...§#≈...#
#.####≈§..≈#≈§#.# # #.###.#
#§§≈≈≈#§.#.# .# #.#...#
##§#⌠##≈.#.# ###.# #.#.###
#####≈≈.#.#


You could see a phantom.

Vanquished Creatures
  An ooze (D:3)
  3 worms
  A leopard gecko (D:1)
  2 giant cockroaches (D:1)
  5 hobgoblins
  4 kobolds
  5 bats
  2 frilled lizards
  A goblin (D:1)
  5 rats
29 creatures vanquished.

Notes
Turn   | Place    | Note
-------+----------+-------------------------------------------
     0 | D:1      | Lanoc the Deep Elf Ice Elementalist began the quest for the
                  | Orb.
     0 | D:1      | Reached XP level 1. HP: 10/10 MP: 6/6
   110 | D:1      | Reached XP level 2. HP: 12/15 MP: 5/8
   335 | D:1      | Reached skill level 5 in Ice Magic
   556 | D:2      | Reached XP level 3. HP: 17/19 MP: 2/9
   561 | D:2      | Learned a level 3 spell: Frozen Ramparts
   898 | D:3      | Found a bloodstained altar of Trog.
  1015 | D:3      | Noticed a phantom
  1048 | D:3      | Found a snail-covered altar of Cheibriados.
  1102 | D:3      | Slain by a phantom

Illustrated notes

Levels and vault maps discovered:
D:1:      lemuel_arrival_behind_the_door_small, layout_basic
D:2:      layout_rooms
D:3:      layout_loops_ring, old_standard_altar, lightli_temple_of_fire,
          cheibriados_altar_1

Skill      XL: |  1  2 |
---------------+-------+-----
Ice Magic      | 5 |  5.3
Dodging        | 3 |  3.2
Stealth        | |  2.4
Shields        | |  0.2
Spellcasting   | |  3.0

Action                   || total
-------------------------++-------
Melee: Unarmed           ||    21
 Cast: Freeze            ||    32
       Frozen Ramparts   ||     5
  Use: Potion            ||     1
Armor: Robe              ||    14
Dodge: Dodged            ||    20
Block: Buckler           ||     2

Table legend: (Time is in decaauts)
 A = Elapsed time spent in this place.
 B = Non-inter-level travel time spent in this place.
 C = Inter-level travel time spent in this place.
 D = Time resting spent in this place.
 E = Time spent auto-exploring this place.
 F = Levels seen in this place.
 G = Mean time per level.
                   A        B        C        D        E       F      G
               +--------+--------+--------+--------+--------+-----+--------+
         Total |   1101 |   1093 |      8 |    237 |    589 |   3 |  367.0 |
       Dungeon |   1101 |   1093 |      8 |    237 |    589 |   3 |  367.0 |
               +--------+--------+--------+--------+--------+-----+--------+

Top non-repeatable levels by time:
     D:1: 462 daAuts
     D:3: 460 daAuts
     D:2: 178 daAuts
